 Dungeon Crawl Stone Soup version 0.26-a0-639-g72c4674329 (webtiles) character file.

Game seed: 18413455244411058965

5258 Borgoz the Cleaver (level 10, -5/93 HPs)
             Began as a Hill Orc Fighter on Sept 17, 2020.
             Was a Priest of Makhleb.
             Slain by a two-headed ogre
             ... wielding a +0 giant club
              (32 damage)
             ... on level 9 of the Dungeon.
             The game lasted 00:13:28 (9191 turns).

Borgoz the Cleaver (Hill Orc Fighter)               Turns: 9191, Time: 00:13:29

Health: -5/93      AC:  9    Str: 20    XL:     10   Next: 62%
Magic:  10/10      EV: 15    Int:  8    God:    Makhleb [***...]
Gold:   532        SH:  5    Dex: 13    Spells: 6/9 levels left

rFire    x . .     SeeInvis .   q - +2 hand axe (drain)
rCold    + . .     Faith    .   (no shield)
rNeg     . . .     Spirit   .   w - +0 troll leather armour {Purgy}
rPois    .         Reflect  +   e - +2 hat
rElec    .         Harm     +   z - scarf {harm}
rCorr    .         Rampage  .   l - +0 pair of gloves (curse)
MR       .....                  (no boots)
Stlth    +.........             s - amulet of reflection
HPRegen  0.65/turn              t - ring of ice
MPRegen  0.12/turn              (no ring)

@: marked, lightly drained
A: no striking features
a: Minor Destruction, Lesser Servant of Makhleb, Renounce Religion


You were on level 9 of the Dungeon.
You worshipped Makhleb.
Makhleb was most pleased with you.
You visited 2 branches of the dungeon, and saw 10 of its levels.
You also visited: Sewer.

You collected 532 gold pieces.

Inventory:

Hand Weapons
 a - a +0 war axe
 b - a +0 morningstar
 q - a +2 hand axe of draining (weapon)
Armour
 e - a +2 hat (worn)
 l - a cursed +0 pair of gloves (worn)
 p - a +1 ring mail of poison resistance
 w - a +0 troll leather armour (worn) {Purgy}
 z - a scarf of harm (worn)
Jewellery
 s - an amulet of reflection (around neck)
 t - a ring of ice (left hand)
Wands
 c - a wand of flame (52)
 y - a wand of iceblast (11)
Scrolls
 d - 4 scrolls of remove curse
 f - a scroll of blinking
 g - a scroll of enchant armour
 j - 5 scrolls of teleportation
 m - 3 scrolls of amnesia
 o - 2 scrolls of fog
 r - a scroll of identify
 u - a scroll of fear
 v - 2 scrolls of enchant weapon
 A - 2 scrolls of magic mapping
Potions
 h - a potion of magic
 i - a potion of stabbing
 k - a potion of lignification
 n - 3 potions of heal wounds
 x - 4 potions of curing


   Skills:
 + Level 9.9 Fighting
 + Level 10.3 Axes
 + Level 9.1 Armour
 + Level 6.4(6.3) Dodging
   Level 3.2 Shields


You had 6 spell levels left.
You knew the following spells:

 Your Spells              Type           Power        Failure   Level
a - Confusing Touch       Hex            #.......     83%         3

Your spell library contained the following spells:

 Spells                   Type           Power        Failure   Level
 Corona                   Hex            #......      45%         1
 Slow                     Hex            #.......     58%         2
 Gell's Gravitas          Tloc           #.........   83%         3
 Inner Flame              Hex/Fire       #.......     83%         3
 Portal Projectile        Hex/Tloc       #.....       83%         3
 Cause Fear               Hex            #.........   99%         4
 Leda's Liquefaction      Hex/Erth       #.........   99%         4
 Petrify                  Tmut/Erth      #.......     99%         4
 Bolt of Magma            Conj/Fire/Erth #.........   100%        5
 Iskenderun's Battlesphe  Conj           #.......     100%        5
 Metabolic Englaciation   Hex/Ice        #.........   100%        5
 Yara's Violent Unravell  Hex/Tmut       #.........   100%        5
 Iron Shot                Conj/Erth      #.........   100%        6
 Orb of Destruction       Conj           #.........   100%        7
 Spellforged Servitor     Conj/Summ      #.........   100%        7


Dungeon Overview and Level Annotations

Branches:
Dungeon (9/15)             Temple (1/1) D:5           Sewer (visited)
   Lair: D:8-11         Orc: D:9-12

Altars:
Ashenzari
Cheibriados
Dithmenos
Elyvilon
Fedhas
Gozag
Kikubaaqudgha
Makhleb
Nemelex Xobeh
Okawaru
Qazlal
Ru
Trog
Uskayaw
Vehumet
Wu Jian
Xom
Yredelemnul
Zin
The Shining One

Shops:
D:5 !


Message History

Evoke which item? (* to show all) (? for menu, Esc to quit)
Aiming: Throw Flame
Press: ? - help, Shift-Dir - straight line, f/p - two-headed ogre
Aim: a two-headed ogre, wielding a +0 giant club and a +0 giant spiked club (moderately wounded)
The puff of flame hits the two-headed ogre!
The two-headed ogre is heavily wounded.
Evoke which item? (* to show all) (? for menu, Esc to quit)
That's the wrong kind of item! (Use * to select it.) Evoke which item? (* to show all) (? for menu, Esc to quit)
Aiming: Throw Flame
Press: ? - help, Shift-Dir - straight line, f/p - two-headed ogre
Aim: a two-headed ogre, wielding a +0 giant club and a +0 giant spiked club (heavily wounded)
The puff of flame hits the two-headed ogre.
The two-headed ogre is severely wounded.
You hit the two-headed ogre.
The two-headed ogre is severely wounded.
The two-headed ogre hits you with a +0 giant club!
* * * LOW HITPOINT WARNING * * *
The two-headed ogre hits you with a +0 giant spiked club!!
You die...

+......... ... ##.......# ###
###.....#### # #.+.....#####
## #.#.....#...# #.
##+##.#.....#...## #. #######
#...........'....# #.
.......##..#.#..#####...†# #.
.......'§§..@O..########.###.
.....≈≈.§§.#.#...............
.....§#+#§......######.......
.....§ +.......# #.....#.
...§ #≈####### #.....#. ###
§§# #.....#. §### #...(.#. ##
#.....#. #.....#.


You could see a two-headed ogre.

Vanquished Creatures
  Harold (D:9)
  The ghost of Flugslaktarn the Fighter, a novice MiFi (D:7)
  A centaur zombie (D:7)
  Maggie (D:7)
  2 wraiths (D:7)
  Purgy (Sewer)
  2 ice beasts (D:9)
  2 phantoms
  4 ogres
  A necrophage (D:7)
  4 centaurs
  Blork the orc (D:6)
  8 bullfrogs
  4 scorpions
  3 killer bees (D:9)
  2 wights (D:7)
  A howler monkey (D:4)
  A crimson imp (D:4)
  2 human zombies (D:7)
  A centaur skeleton (D:9)
  2 hounds
  4 orc priests
  5 orc wizards
  An iguana (D:9)
  2 human skeletons (D:7)
  7 worker ants
  An ogre zombie (D:7)
  An ogre skeleton (D:7)
  A mummy (D:7)
  A worker ant zombie (D:9)
  5 adders
  4 gnolls (D:5)
  3 shadow imps
  A white imp (D:9)
  3 ufetubi (D:6)
  An ooze (D:4)
  An adder skeleton (D:5)
  5 worms
  3 dart slugs
  6 leopard geckos
  20 orcs
  3 ball pythons (Sewer)
  14 bats
  5 giant cockroaches
  9 goblins
  3 hobgoblins
  4 jackals (D:1)
  3 quokkas
  7 frilled lizards
  A goblin skeleton (D:4)
  7 hobgoblin zombies (D:4)
  5 kobolds
  2 kobold skeletons (D:4)
  A kobold zombie (D:4)
  3 orc skeletons (D:4)
  6 rats
193 creatures vanquished.

Notes
Turn   | Place    | Note
-------+----------+-------------------------------------------
     0 | D:1      | Borgoz the Hill Orc Fighter began the quest for the Orb.
     0 | D:1      | Reached XP level 1. HP: 19/19 MP: 1/1
     7 | D:1      | Noticed a merfolk
     7 | D:1      | Noticed a vampire
     9 | D:1      | Noticed a tengu
     9 | D:1      | Noticed a centaur
    11 | D:1      | Noticed a demonspawn
    13 | D:1      | Noticed an ogre
    13 | D:1      | Noticed an elf
    15 | D:1      | Noticed a gargoyle
    15 | D:1      | Noticed a draconian
    17 | D:1      | Noticed a vine stalker
    17 | D:1      | Noticed a spriggan
    19 | D:1      | Noticed a human
    19 | D:1      | Noticed a felid
    21 | D:1      | Noticed a troll
    23 | D:1      | Noticed a minotaur
    25 | D:1      | Noticed a ghoul
    25 | D:1      | Noticed a formicid
    27 | D:1      | Noticed a demigod
    29 | D:1      | Noticed a naga
    29 | D:1      | Noticed a halfling
    31 | D:1      | Noticed a dwarf
    31 | D:1      | Noticed an octopode
   377 | D:1      | Reached skill level 3 in Axes
   377 | D:1      | Reached XP level 2. HP: 27/27 MP: 2/2
   948 | D:2      | Found a burning altar of Makhleb.
   994 | D:2      | Became a worshipper of Makhleb the Destroyer
  1087 | D:2      | Reached XP level 3. HP: 21/33 MP: 3/3
  1119 | D:2      | Reached skill level 1 in Dodging
  1603 | D:2      | Found a blossoming altar of Fedhas.
  1945 | D:2      | Reached XP level 4. HP: 25/40 MP: 4/4
  2255 | D:3      | Reached skill level 4 in Axes
  2255 | D:3      | Reached XP level 5. HP: 4/47 MP: 5/5
  2586 | D:3      | Reached * piety under Makhleb
  3108 | D:3      | Found a basalt altar of Yredelemnul.
  3513 | D:4      | Reached skill level 5 in Fighting
  3513 | D:4      | Reached XP level 6. HP: 56/56 MP: 6/6
  3522 | D:4      | Noticed a phantom
  3534 | D:4      | Found a glowing golden altar of the Shining One.
  3587 | D:4      | Killed a phantom
  3587 | D:4      | Reached skill level 5 in Axes
  3734 | D:4      | Reached skill level 5 in Armour
  3738 | D:4      | Reached ** piety under Makhleb
  3738 | D:4      | Reached XP level 7. HP: 53/61 MP: 7/7
  4245 | D:5      | Entered Level 5 of the Dungeon
  4263 | D:5      | Found San Vubb's Distillery.
  4606 | D:5      | Reached skill level 6 in Axes
  4982 | D:5      | Reached XP level 8. HP: 65/71 MP: 8/8
  5212 | D:5      | Found an opulent altar of Gozag.
  5494 | D:5      | Found a staircase to the Ecumenical Temple.
  5500 | Temple   | Entered the Ecumenical Temple
  5657 | D:6      | Found a shattered altar of Ashenzari.
  5689 | D:6      | Found a sparkling altar of Nemelex Xobeh.
  5739 | D:6      | Noticed Blork the orc
  5751 | D:6      | Killed Blork the orc
  5751 | D:6      | Reached skill level 7 in Axes
  5856 | D:6      | Found a glowing drain.
  5995 | Sewer    | Entered a sewer
  6038 | Sewer    | Noticed Purgy
  6044 | Sewer    | Killed Purgy
  6713 | D:7      | Reached XP level 9. HP: 79/79 MP: 9/9
  6718 | D:7      | Noticed Maggie
  6737 | D:7      | HP: 3/80 [Maggie/bolt of fire (37)]
  6738 | D:7      | Killed Maggie
  6738 | D:7      | Reached skill level 8 in Axes
  6887 | D:7      | Found a runed translucent door.
  6888 | D:7      | Noticed Flugslaktarn's ghost (novice MiFi)
  6920 | D:7      | Found a sacrificial altar of Ru.
  6961 | D:7      | Reached skill level 5 in Dodging
  7048 | D:7      | Reached *** piety under Makhleb
  7661 | D:7      | Reached skill level 9 in Axes
  7674 | D:7      | Found an ancient bone altar of Kikubaaqudgha.
  7815 | D:7      | Killed Flugslaktarn's ghost
  7815 | D:7      | Reached XP level 10. HP: 58/91 MP: 10/10
  8236 | D:8      | Found a radiant altar of Vehumet.
  8316 | D:8      | Found a white marble altar of Elyvilon.
  8840 | D:9      | Learned a level 3 spell: Confusing Touch
  8929 | D:9      | Reached skill level 10 in Axes
  9100 | D:9      | Found a snail-covered altar of Cheibriados.
  9124 | D:9      | Noticed Harold
  9140 | D:9      | Killed Harold
  9183 | D:9      | Noticed a two-headed ogre
  9191 | D:9      | Slain by a two-headed ogre

Illustrated notes

Levels and vault maps discovered:
D:1:      kb_arrival_jail, layout_loops_ring
D:2:      layout_loops_cross, lemuel_round_altar, bloody_makhleb
D:3:      layout_basic, yredelemnul_altar_generic, chequers_jeans
D:4:      minmay_evil_eye, layout_rooms, nicolae_tso_besieged_by_evil
D:5:      layout_basic, nicolae_overflow_crystal_walls,
          minmay_temple_entry_fiery, serial_shops, nicolae_shop_crystal,
          interstate_on_off, hangedman_decor_riveting, minmay_chambers_of_fives
D:6:      layout_gridville, lemuel_crystal_altar, ashenzari_conservatory_becter,
          portal_sewer_entry_e, kennysheep_generic_room_11, uniq_blork_the_orc
D:7:      layout_loops_ring, lemuel_mausoleum_altar_kikubaaqudgha,
          nicolae_ru_awakened_eye, gammafunk_ghost_grave, roderic_batcave,
          uniq_maggie
D:8:      layout_gridville, vehumet_crystals, elyvilon_altar_5
D:9:      layout_basic, lemuel_crystal_altar, kennysheep_mini_moat,
          led_sif_pool, uniq_harold
Temple:   dpeg_three_leaves_temple

Skill      XL: |  1  2  3  4  5  6  7  8  9 10 |
---------------+-------------------------------+-----
Axes           | 3 4 5 6 7 9 10 | 10.3
Fighting       | 4 5 6 7 9 |  9.9
Dodging        | 1 2 3 4 5 6 |  6.4
Armour         | 4 5 6 8 9 |  9.1
Shields        | |  3.2

Action                   |  1- 3 |  4- 6 |  7- 9 | 10-12 || total
-------------------------+-------+-------+-------+-------++-------
Melee: War axe           |   133 |   146 |   363 |   124 ||   766
       Hand axe          |       |       |       |     1 ||     1
Evoke: Wand              |       |       |     2 |     6 ||     8
  Use: Scroll            |     2 |     3 |    14 |     2 ||    21
       Potion            |       |     1 |     3 |       ||     4
 Stab: Sleeping          |       |       |     1 |       ||     1
Armor: Scale mail        |    73 |    50 |       |       ||   123
       Ring mail         |       |    29 |    55 |       ||    84
       Troll leather arm |       |       |    53 |    24 ||    77
Dodge: Dodged            |    97 |    90 |   220 |    81 ||   488
Block: Other             |       |       |    71 |    33 ||   104
       Reflection        |       |       |       |     1 ||     1

Table legend: (Time is in decaauts)
 A = Elapsed time spent in this place.
 B = Non-inter-level travel time spent in this place.
 C = Inter-level travel time spent in this place.
 D = Time resting spent in this place.
 E = Time spent auto-exploring this place.
 F = Levels seen in this place.
 G = Mean time per level.
                   A        B        C        D        E       F      G
               +--------+--------+--------+--------+--------+-----+--------+
         Total |   9387 |   9026 |    361 |   1888 |   5370 |  11 |  853.4 |
       Dungeon |   9091 |   8746 |    345 |   1884 |   5255 |   9 | 1010.1 |
        Temple |     83 |     67 |     16 |      0 |     67 |   1 |   83.0 |
         Sewer |    211 |    211 |      0 |      4 |     47 |   1 |  211.0 |
               +--------+--------+--------+--------+--------+-----+--------+

Top non-repeatable levels by time:
     D:2: 1675 daAuts
     D:7: 1358 daAuts
     D:4: 1069 daAuts
     D:3: 1057 daAuts
     D:5: 989 daAuts
     D:1: 844 daAuts
     D:6: 770 daAuts
     D:8: 704 daAuts
     D:9: 623 daAuts
   Sewer: 211 daAuts
  Temple: 83 daAuts
